 Dungeon Crawl Stone Soup version 0.24.0-28-g17ded55e90 (webtiles) character file.

Game seed: 8046891997596971989, levelgen mode: deterministic

7 Nattfarinn the Scratcher (level 1, 0/9 HPs)
             Began as a Felid Transmuter on Nov 13, 2019.
             Slain by a jackal (3 damage)
             ... on level 1 of the Dungeon.
             The game lasted 00:00:42 (208 turns).

Nattfarinn the Scratcher (Felid Transmuter)          Turns: 208, Time: 00:00:42

Health: 0/9        AC:  1    Str:  6    XL:     1   Next: 83%
Magic:  3/4        EV: 18    Int: 14    God:
Gold:   14         SH:  0    Dex: 16    Spells: 3/4 levels left
                                        Lives:  0   Deaths: 0

rFire    . . .     SeeInvis +     - Unarmed
rCold    . . .     Gourm    .   (shield unavailable)
rNeg     . . .     Faith    .   (armour unavailable)
rPois    .         Spirit   .   (helmet unavailable)
rElec    .         Reflect  .   (cloak unavailable)
rCorr    .         Harm     .   (gloves unavailable)
MR       .....                  (boots unavailable)
Stlth    ++........             (no amulet)
HPRegen  0.03/turn              (no ring)
MPRegen  0.09/turn              (no ring)

@: appendage, quick
A: very small, no armour, no weapons or thrown items, stealth, claws 1, fangs 3,
horns 2, see invisible, carnivore, speed 1, shaggy fur 1, slow metabolism 1,
sharp paws
a: End Transformation


You were on level 1 of the Dungeon.
You were very full.
You had grown temporary horns.
You visited 1 branch of the dungeon, and saw 1 of its levels.

You collected 14 gold pieces.

Inventory:

Missiles
 a - 12 arrows
Scrolls
 d - a scroll of teleportation {unknown}
Potions
 b - a potion of heal wounds {unknown}
Comestibles
 c - a ration


   Skills:
 + Level 1.1 Fighting
 + Level 2.8 Dodging
 * Level 1.0 Stealth
 * Level 3.1 Unarmed Combat
 + Level 2.0 Spellcasting
 + Level 2.2 Transmutations


You had 3 spell levels left.
You knew the following spells:

 Your Spells              Type           Power        Failure   Level  Hunger
a - Beastly Appendage     Tmut           #.....       10%         1    ##.....

Your spell library contained the following spells:

 Spells                   Type           Power        Failure   Level  Hunger
 Sticks to Snakes         Tmut           #.......     14%         2    ###....
 Spider Form              Tmut/Pois      #.........   41%         3    ####...
 Ice Form                 Ice/Tmut       #.......     83%         4    #####..
 Blade Hands              Tmut           #.........   95%         5    ######.


Dungeon Overview and Level Annotations

Branches:
Dungeon (1/15)

Altars:


Innate Abilities, Weirdness & Mutations

You cannot wear armour.
You are incapable of wielding weapons or throwing items.
Your paws allow you to move quietly. (Stealth)
You have sharp claws.
You have razor-sharp teeth.
You have supernaturally acute eyesight. (SInv)
You are carnivorous and can eat meat at any time.
You cover ground quickly.
You are covered in fur. (AC +1)
You have a slow metabolism.
Your sharp claws are effective at attacking unaware monsters.
You have a pair of horns on your head.


Message History

A jackal is nearby!
The jackal barks!
The jackal bites you.
You barely miss the jackal. The jackal barely misses you.
You scratch the jackal.
The jackal is moderately wounded.
The jackal bites you. The jackal completely misses you.
You scratch the jackal but do no damage.
The jackal is moderately wounded.
The jackal closely misses you.
Casting: Beastly Appendage (safe; 10% risk of failure)
Confirm with . or Enter, or press ? or * to list all spells.
You grow a pair of large bovine horns.
The jackal bites you.
You are too injured to fight recklessly!
You are too injured to fight recklessly!
You are too injured to fight recklessly!
You scratch the jackal.
The jackal is severely wounded.
The jackal barely misses you. The jackal bites you.
You die...

.# #..##.###### .#
#..##.# .# #..##.#
######..##.#
.......(##)#
####....##.# ##
#.#####.# .# #.#
#.#########.# .#
#.# #...†..@h...# #
......?...######..#
#.#######.# # #.#
#.# #.# #.# #.. #..
....


You could see a jackal.

Vanquished Creatures
  A dart slug (D:1)
  A ball python (D:1)
  A bat (D:1)
  2 kobolds (D:1)
  A rat (D:1)
6 creatures vanquished.

Notes
Turn   | Place    | Note
-------+----------+-------------------------------------------
     0 | D:1      | Nattfarinn the Felid Transmuter began the quest for the
                  | Orb.
     0 | D:1      | Reached XP level 1. HP: 9/9 MP: 4/4
   199 | D:1      | Reached skill level 1 in Stealth
   208 | D:1      | Slain by a jackal

Levels and vault maps discovered:
D:1:      erik_arrival_triangle_medium, layout_loops_ring

Skill      XL: |  1 |
---------------+----+-----
Stealth        | 1 |  1.0
Fighting       | |  1.1
Dodging        | |  2.8
Unarmed Combat | |  3.1
Spellcasting   | |  2.0
Transmutations | |  2.2

Action                   || total
-------------------------++-------
Melee: Unarmed           ||    16
       Punch             ||     1
       Bite              ||     1
 Cast: Beastly Appendage ||     2
 Stab: Sleeping          ||     1
  Eat: Chunk             ||     4
Dodge: Dodged            ||    14
